Map: Nightshade LE

Players

Dark

  • Race: Zerg Zerg
  • Spawn Location: 11:00

PartinG - Winner!

  • Race: Protoss Protoss
  • Spawn Location: 5:00

Event: IEM Katowice 2020

VOD

Have the link to the VOD?

Description

Time

  • Played on: Feb. 27, 2020, 5:31 a.m.
  • Length: 8:25

All games in this series

Show
View Real Time Build Order
Export as new Build Order

Dark Zerg 

Build Orders: Hatch First 

Get SALT Encoding   

  12  0:00  Drone  
  13  0:12  Overlord  
  13  0:17  Drone  
  14  0:31  Drone x2  
  14  0:35  Drone  
  17  0:52  Hatchery  
  17  0:55  Drone  
  17  1:00  Drone  
  18  1:10  Drone  
  19  1:14  Extractor  
  18  1:20  Drone  
  18  1:24  Spawning Pool  
  18  1:29  Drone  
  19  1:41  Drone  
  20  1:51  Hatchery  
  20  1:53  Drone  
  20  2:07  Drone  
  21  2:11  Queen  
  21  2:12  Drone  
  24  2:15  Queen  
  26  2:24  Overlord  
  26  2:28  Drone x2  
  27  2:44  Zergling x2  
  27  2:45  Drone x2  
  27  2:46  Queen  
  27  2:47  Drone  
  33  2:55  Drone  
  33  2:57  Metabolic Boost  
  34  3:03  Queen  
  34  3:05  Overlord  
  36  3:07  Drone  
  36  3:09  Drone  
  36  3:12  Drone  
  39  3:13  Drone  
  39  3:16  Drone  
  39  3:18  Drone  
  42  3:25  Overlord  
  42  3:26  Drone x2  
  44  3:30  Extractor, Drone x2  
  46  3:39  Drone  
  47  3:42  Roach Warren  
  47  3:47  Zergling x8  
  50  3:50  Extractor  
  50  3:53  Overlord  
  50  3:54  Overlord  
  49  3:57  Drone  
  49  3:58  Drone x3  
  49  3:59  Drone  
  49  4:00  Drone  
  55  4:03  Drone  
  55  4:07  Drone x2  
  58  4:13  Extractor  
  57  4:25  Roach x6  
  57  4:28  Overlord  
  57  4:29  Roach  
  71  4:31  Roach  
  73  4:42  Overlord  
  73  4:48  Zergling x16  
  80  4:54  Overlord  
  80  4:55  Ravager  
  81  5:01  Overlord  
  81  5:03  Zergling x6  
  81  5:06  Spore Crawler x2  
  80  5:11  Spore Crawler  
  80  5:13  Ravager x2  
  78  5:14  Zergling x6  
  77  5:25  Zergling x10  
  79  5:29  Spore Crawler  
  70  5:37  Drone x2  
  70  5:42  Drone x2  
  74  5:48  Drone  
  73  5:57  Drone x4  
  72  6:08  Lair, Drone x2  
  72  6:09  Drone x2  
  72  6:10  Drone  
  77  6:13  Drone  
  77  6:14  Drone  
  77  6:16  Drone x2  
  81  6:21  Extractor, Drone x2  
  81  6:25  Drone, Evolution Chamber  
  81  6:26  Drone  
  83  6:34  Drone x4  
  83  6:36  Drone  
  83  6:37  Drone  
  89  6:42  Drone  
  89  6:44  Drone  
  89  6:49  Drone  
  89  6:50  Drone  
  89  6:51  Drone x2  
  89  6:52  Drone  
  95  6:54  Drone x2  
  95  6:55  Overlord  
  95  6:59  Extractor  
  95  7:00  Extractor  
  95  7:01  Drone x3  
  93  7:05  Overseer  
  93  7:12  Roach x4  
  101  7:18  Hatchery  
  101  7:21  Roach x4  
  108  7:25  Overlord  
  108  7:29  Overlord  
  108  7:30  Overlord  
  108  7:35  Overlord  
  108  7:43  Overlord  
  108  7:49  Ravager  
  108  7:50  Zergling x2, Ravager x7  
  108  7:51  Zergling x8  
  121  7:52  Overlord  
  121  7:54  Zergling x6  
Show
View Real Time Build Order
Export as new Build Order

PartinG Protoss - Winner!

Build Orders: 1 Gate Expand, Zealot Archon, Dark Templar Rush 

Get SALT Encoding   

  12  0:00  Probe  
  13  0:12  Probe  
  14  0:18  Pylon  
  14  0:24  Probe (Chrono Boost)  
  15  0:37  Probe (Chrono Boost)  
  15  0:38  Gateway  
  16  0:45  Probe (Chrono Boost)  
  16  0:46  Assimilator  
  17  0:51  Probe  
  18  1:03  Probe  
  19  1:15  Probe  
  20  1:29  Cybernetics Core  
  21  1:35  Nexus  
  20  1:40  Assimilator  
  20  1:42  Probe  
  21  1:49  Pylon  
  21  1:55  Probe  
  22  2:05  Adept (Chrono Boost)  
  22  2:07  Probe, Warp Gate  
  25  2:19  Probe  
  26  2:25  Stalker (Chrono Boost)  
  28  2:32  Probe  
  29  2:42  Twilight Council  
  29  2:47  Probe (Chrono Boost)  
  29  2:49  Probe (Chrono Boost)  
  31  2:57  Probe (Chrono Boost)  
  33  2:59  Probe (Chrono Boost)  
  33  3:01  Gateway, Adept  
  33  3:02  Probe (Chrono Boost)  
  37  3:14  Probe x2 (Chrono Boost)  
  37  3:18  Dark Shrine  
  38  3:21  Probe (Chrono Boost)  
  38  3:23  Probe (Chrono Boost)  
  40  3:32  Probe  
  41  3:35  Pylon  
  41  3:37  Probe  
  42  3:44  Probe (Chrono Boost)  
  42  3:47  Nexus  
  43  3:50  Pylon  
  45  3:56  Probe (Chrono Boost)  
  45  3:58  Sentry  
  45  3:59  Probe (Chrono Boost)  
  45  4:01  Assimilator  
  47  4:03  Assimilator  
  47  4:04  Probe (Chrono Boost)  
  47  4:07  Probe (Chrono Boost)  
  49  4:10  Gateway  
  49  4:12  Probe  
  50  4:18  Robotics Facility  
  50  4:23  Probe  
  52  4:25  Shield Battery  
  52  4:31  Dark Templar  
  54  4:32  Dark Templar  
  54  4:38  Blink  
  55  4:41  Probe x2  
  57  4:51  Forge  
  57  4:54  Probe x2  
  57  4:57  Pylon  
  59  5:06  Dark Templar x2  
  63  5:14  Probe x2  
  63  5:15  Protoss Ground Weapons Level 1 (Chrono Boost)  
  63  5:16  Dark Templar  
  63  5:20  Cybernetics Core  
  67  5:23  Gateway  
  67  5:27  Probe x2  
  67  5:33  Immortal (Chrono Boost)  
  65  5:39  Probe x2, Pylon  
  71  5:47  Probe  
  72  5:59  Sentry x2  
  72  6:01  Sentry  
  72  6:02  Probe x3  
  79  6:05  Gateway  
  79  6:07  Gateway  
  79  6:09  Warp Prism (Chrono Boost)  
  79  6:10  Gateway  
  77  6:13  Gateway  
  77  6:15  Probe x3  
  77  6:17  Sentry  
  84  6:20  Assimilator  
  84  6:24  Assimilator  
  84  6:26  Photon Cannon  
  84  6:30  Probe x3  
  84  6:32  Pylon  
  87  6:34  Sentry x2  
  87  6:37  Pylon  
  87  6:38  Sentry  
  93  6:43  Probe x2  
  91  6:52  Stalker  
  91  6:53  Observer (Chrono Boost)  
  94  6:58  Stalker x2  
  94  7:00  Photon Cannon  
  98  7:04  Photon Cannon  
  98  7:05  Stalker  
  98  7:08  Pylon  
  100  7:11  Stalker x2  
  100  7:14  Probe x3  
  107  7:20  Archon  
  107  7:24  Stalker  
  107  7:27  Pylon, Stalker x3  
  115  7:32  Stalker  
  117  7:37  Pylon  
  117  7:46  Stalker x3  
  117  7:47  Stalker  
  125  7:55  Pylon  
  125  7:57  Pylon  
  125  8:06  Stalker x4  
  125  8:17  Stalker x4  

Tags
 
Add a new tag
Caveats
  • Supply blocks, unpowered buildings, or Contaminate may cause inaccurate times.
  • Supply counts are checked every 10 seconds.